 Dungeon Crawl Stone Soup version 0.28.0 (webtiles) character file.

Game seed: 15729747649098041752

28737 trckry the Geomancer (level 13, -4/86 HPs)
             Began as an Octopode Earth Elementalist on Feb 8, 2022.
             Was the Champion of Jiyva.
             Slain by an anaconda simulacrum (13 damage)
             ... in an ice cave.
             The game lasted 01:12:57 (12551 turns).

trckry the Geomancer (Octopode Earth Elementalist) Turns: 12551, Time: 01:12:58

Health: -4/86      AC:  2    Str: 12    XL:     13   Next: 40%
Magic:  7/26       EV: 14    Int: 22    God:    Jiyva [******]
Gold:   427        SH:  0    Dex: 12    Spells: 10/31 levels left

rFire   + + +      SeeInvis .   n - +0 short sword (protect)
rCold   + . .      Faith    .   (no shield)
rNeg    . . .      Spirit   .   (helmet restricted)
rPois   .          Reflect  .   x - amulet of Vitality {Regen+ HP+15}
rElec   .          Harm     .   k - +4 ring of evasion
rCorr   +          Rampage  .   (no ring)
Will    .....                   (no ring)
Stlth   +++.......              (no ring)
HPRegen 2.64/turn               (no ring)
MPRegen 0.70/turn               (no ring)
                                (no ring)
                                (no ring)

@: constricted
A: almost no armour, amphibious, 8 rings, camouflage 1, gelatinous body 1,
(nimble swimmer 1), tentacles, cold resistance 1, fire resistance 3, mutation
resistance 1, shaggy fur 1, strong 2, pseudopods 1, tendrils, jelly sensing
items, MP-powered wands
a: Renounce Religion, Oozemancy, Slimify


You were in an ice cave.
You worshipped Jiyva.
Jiyva was exalted by your worship.
You visited 3 branches of the dungeon, and saw 15 of its levels.
You also visited: Ice Cave.

You collected 539 gold pieces.
You spent 112 gold pieces at shops.

Inventory:

Hand Weapons
 n - a +0 short sword of protection (weapon)
 s - a +0 quarterstaff
Missiles
 b - 282 stones (quivered)
 p - a throwing net
Jewellery
 k - a +4 ring of evasion (left tentacle)
 x - the amulet of Vitality (around mantle) {Regen+ HP+15}
   (You found it on level 10 of the Dungeon)

   [amulet of regeneration]

   HP:        It affects your health (+15).
   Regen:     It increases your rate of health regeneration.
Wands
 l - a wand of polymorph (15)
 r - a wand of flame (15)
 w - a wand of paralysis (1)
 y - a wand of mindburst (6)
Scrolls
 e - a scroll of amnesia {unknown}
 g - 4 scrolls of magic mapping {unknown}
 h - 10 scrolls of identify {unknown}
 i - 5 scrolls of teleportation {unknown}
 j - 2 scrolls of enchant weapon {unknown}
 o - 3 scrolls of blinking {unknown}
 t - a scroll of noise {unknown}
 v - a scroll of torment {unknown}
Potions
 a - a potion of haste
 c - 2 potions of flight {unknown}
 d - 2 potions of curing
 f - a potion of degeneration {unknown}
 m - 4 potions of heal wounds
 q - a potion of attraction {unknown}
 u - a potion of mutation {unknown}
 z - a potion of magic {unknown}
 A - a potion of lignification {unknown}
 C - a potion of brilliance {unknown}
 D - a potion of might {unknown}
Miscellaneous
 B - a tin of tremorstones (2/2)


   Skills:
 - Level 3.1 Dodging
 - Level 3.0 Stealth
 + Level 9.8 Spellcasting
 * Level 13.1 Conjurations
 - Level 2.0 Transmutations
 + Level 7.4 Air Magic
 * Level 13.2 Earth Magic


You had 10 spell levels left.
You knew the following spells:

 Your Spells              Type           Power      Damage    Failure   Level
a - Sandblast             Erth           100%       2d20      1%          1
b - Stone Arrow           Conj/Erth      100%       3d13      1%          3
c - Passwall              Tmut/Erth      36%        N/A       1%          2
d - Petrify               Tmut/Erth      44%        N/A       2%          4
e - Swiftness             Air            43%        N/A       1%          3
f - Lehudib's Crystal Sp  Conj/Erth      31%        10d8      88%         8

Your spell library contained the following spells:

 Spells                   Type           Power      Damage    Failure   Level
 Shock                    Conj/Air       100%       1d9       1%          1
 Conjure Flame            Conj/Fire      39%        6-21      1%          3
 Dazzling Flash           Conj/Hex       78%        N/A       1%          3
 Beastly Appendage        Tmut           38%        N/A       2%          1
 Airstrike                Air            21%        N/A       3%          4
 Wereblood                Tmut           19%        N/A       4%          2
 Iskenderun's Mystic Bla  Conj/Tloc      39%        2d9       4%          4
 Sticky Flame             Conj/Fire      39%        2d6       4%          4
 Sublimation of Blood     Necr           10%        N/A       10%         2
 Spider Form              Tmut/Pois      15%        N/A       12%         3
 Ignite Poison            Fire/Tmut/Pois 13%        N/A       14%         3
 Starburst                Conj/Fire      19%        6d7       54%         6
 Summon Hydra             Summ           5%         N/A       100%        7
 Animate Armour           Summ/Erth      Unusable   N/A       N/A         4

Dungeon Overview and Level Annotations

Branches:
Dungeon (12/15)            Temple (1/1) D:6            Lair (0/6) D:8
    Orc (2/2) D:12            Elf (0/3) Orc:2         IceCv (1/1)

Altars:
Ashenzari
Cheibriados
Dithmenos
Elyvilon
Fedhas
Gozag
Hepliaklqana
Kikubaaqudgha
Makhleb
Nemelex Xobeh
Okawaru
Qazlal
Ru
Sif Muna
Trog
Uskayaw
Vehumet
Wu Jian
Xom
Yredelemnul
Zin
The Shining One
Jiyva

Shops:
D:8 !   D:9 [   Orc:2 [


Innate Abilities, Weirdness & Mutations

You cannot wear most types of armour.
You are amphibious.
You can wear up to eight rings at the same time.
Your skin changes colour to match your surroundings (Stealth+).
Your rubbery body absorbs attacks. (AC +1, EV +1)
((You are camouflaged when in or above water. (Stealth+)))
You have tentacles for arms and can constrict up to eight enemies at once.
Your flesh is cold resistant. (rC+)
Your flesh is almost immune to the effects of heat. (rF+++)
You are somewhat resistant to further mutation.
You are covered in fur. (AC +1)
Your muscles are very strong. (Str +4)
Armour fits poorly on your pseudopods.
You are covered in slimy tendrils that may disarm your opponents.
You have a small jelly attached to you that senses nearby items.
You expend magic power (3 MP) to strengthen your wands.


Message History

Aiming: Stone Arrow (safe; 1% risk of failure)
Press: ? - help, Shift-Dir - straight line, f - anaconda simulacrum
Aim: an anaconda simulacrum (lightly damaged, constricting you, 75% to hit)
The stone arrow misses the anaconda simulacrum.
The anaconda simulacrum bites you. The anaconda simulacrum freezes you!
You resist. The anaconda simulacrum constricts you.
The anaconda simulacrum bites you! The anaconda simulacrum freezes you!
You resist. The anaconda simulacrum constricts you.
You escape the anaconda simulacrum's grasp.
Casting: Stone Arrow (safe; 1% risk of failure)
Confirm with . or Enter, or press ? or * to list all spells.
Aiming: Stone Arrow (safe; 1% risk of failure)
Press: ? - help, Shift-Dir - straight line, f/p - anaconda simulacrum
Aim: an anaconda simulacrum (lightly damaged, 75% to hit)
The stone arrow hits the anaconda simulacrum!!
The anaconda simulacrum is almost destroyed.
The anaconda simulacrum closely misses you.
The anaconda simulacrum bites you! The anaconda simulacrum freezes you!
You resist. The anaconda simulacrum grabs you.
The anaconda simulacrum misses you. The anaconda simulacrum constricts you.
You escape the anaconda simulacrum's grasp.
The anaconda simulacrum misses you. The anaconda simulacrum bites you.
The anaconda simulacrum freezes you. You resist.
The spriggan simulacrum closely misses you.
The anaconda simulacrum grabs you. The anaconda simulacrum bites you.
The anaconda simulacrum freezes you! You resist.
* * * LOW HITPOINT WARNING * * *
The anaconda simulacrum constricts you.
* * * LOW HITPOINT WARNING * * *
Casting: Stone Arrow (safe; 1% risk of failure)
Confirm with . or Enter, or press ? or * to list all spells.
Aiming: Stone Arrow (safe; 1% risk of failure)
Press: ? - help, Shift-Dir - straight line, f/p - anaconda simulacrum
Aim: an anaconda simulacrum (almost destroyed, constricting you, 75% to hit)
The stone arrow misses the anaconda simulacrum.
The anaconda simulacrum bites you!
* * * LOW HITPOINT WARNING * * *
The anaconda simulacrum freezes you! You resist.
You die...

## #......#
##....##
##...# ###
## ##..##
##.## #.##
##..# ##...#
...##
#..####....#
.#..#
#...#...#..#
#..##
##.....##..#
##..#
##...###@##
#..##
######.Z#
##..# ##Z.##
#..## ##...#
##..#
##...##
##.####...##
#..##.รท.##
##..#..####
#......#.#


You could see an anaconda simulacrum and a spriggan simulacrum.

Vanquished Creatures
  Fannar (D:12)
  2 boulder beetles (D:11)
  3 two-headed ogres
  A fire crab (shapeshifter) (D:10)
  A deep troll (D:10)
  Pikel (D:5)
  A deep elf pyromancer (D:12)
  3 ugly things
  3 cyclopes
  A manticore (D:11)
  A gargoyle (D:12)
  Maggie (D:8)
  2 freezing wraiths (IceCv)
  Psyche (D:9)
  6 ice devils (IceCv)
  2 entropy weaver simulacra (IceCv)
  5 trolls
  Grinder (D:4)
  Sigmund (D:6)
  3 wraiths
  A wyvern (D:8)
  Eustachio (D:3)
  13 yaks
  2 death yak simulacra (IceCv)
  A steam dragon (D:9)
  A basilisk (D:8)
  4 wargs
  An acid dragon (D:9)
  A water moccasin (D:7)
  15 orc warriors
  2 ice beasts
  A hornet zombie (D:8)
  A black bear (D:8)
  7 ogres
  A necrophage (D:4)
  7 centaurs
  3 lemures (D:5)
  Blork the orc (D:5)
  3 kobold brigands
  A bullfrog (D:9)
  2 scorpions
  A wyvern zombie (D:8)
  3 two-headed ogre simulacra (Orc:2)
  2 cane toad simulacra (IceCv)
  A water moccasin skeleton (D:6)
  15 killer bees
  4 wights
  5 elephant simulacra (IceCv)
  2 howler monkeys
  10 centaur zombies
  5 orc priests
  A hound (D:4)
  A centaur skeleton (D:6)
  Jessica (D:2)
  13 orc wizards
  3 polar bear simulacra
  A spriggan simulacrum (IceCv)
  A troll simulacrum (Orc:2)
  A wolf simulacrum (Orc:2)
  2 killer bee zombies
  Robin (D:4)
  2 naga simulacra (Orc:2)
  7 adders
  2 white imps (IceCv)
  2 ufetubi (IceCv)
  An adder skeleton (D:5)
  An adder zombie (D:5)
  2 worms
  A dart slug (D:1)
  49 orcs
  8 bats
  5 endoplasms
  A giant cockroach (D:1)
  5 goblins
  4 hobgoblins
  23 kobolds
  A quokka (D:3)
  3 ball pythons
  5 frilled lizards
  4 rats
308 creatures vanquished.

Vanquished Creatures (collateral kills)
  A boulder beetle (D:11)
  A centaur warrior (D:10)
  A death knight (D:11)
  4 skeletal warriors (D:11)
  2 orc knights
  A dire elephant simulacrum (IceCv)
  2 yaks (D:9)
  A kobold brigand (D:10)
  A killer bee (D:10)
14 creatures vanquished.

Vanquished Creatures (others)
  A two-headed ogre (D:8)
  A cyclops (D:11)
  A wyvern (D:10)
  2 yaks (D:8)
  2 vampire mosquitoes (D:12)
  A hornet zombie (D:9)
  A necrophage (D:6)
  2 centaurs (D:11)
  A killer bee (D:7)
  46 jellies
  A howler monkey (D:9)
  An orc priest (D:4)
  An iguana (D:5)
  4 orc wizards
  9 orcs
  An endoplasm (D:3)
  A giant cockroach (D:3)
  6 hobgoblins
  A quokka (D:3)
  A ball python (D:4)
  4 goblins
  2 kobolds
  A rat (D:3)
  A fungus (D:8)
  23 plants
  4 withered plants (D:12)
119 creatures vanquished.

Grand Total: 441 creatures vanquished

Notes
Turn   | Place    | Note
-------+----------+-------------------------------------------
     0 | D:1      | trckry the Octopode Earth Elementalist began the quest for
                  | the Orb.
     0 | D:1      | Reached XP level 1. HP: 11/11 MP: 3/3
   192 | D:1      | Reached XP level 2. HP: 17/17 MP: 0/5
   848 | D:1      | Reached XP level 3. HP: 21/21 MP: 4/6
  1205 | D:2      | Noticed Jessica
  1268 | D:2      | Killed Jessica
  1466 | D:2      | Reached XP level 4. HP: 27/27 MP: 4/7
  1473 | D:2      | Learned a level 3 spell: Stone Arrow
  1779 | D:2      | Found a faded altar of an unknown god.
  1785 | D:2      | Prayed at the altar of an unknown god.
  1785 | D:2      | Became a worshipper of Jiyva Jyfirenu the Shapeless
  1785 | D:2      | Reached * piety under Jiyva
  2043 | D:3      | Found a burning altar of Makhleb.
  2043 | D:3      | Noticed a blizzard demon
  2046 | D:3      | Noticed a ynoxinul
  2046 | D:3      | Noticed an orange demon
  2095 | D:3      | Reached skill level 1 in Conjurations
  2215 | D:3      | Reached ** piety under Jiyva
  2496 | D:4      | Reached XP level 5. HP: 31/31 MP: 8/8
  2533 | D:4      | Noticed Eustachio
  2575 | D:3      | Killed Eustachio
  2576 | D:3      | Reached XP level 6. HP: 10/36 MP: 1/10
  2604 | D:4      | Noticed Robin
  2607 | D:4      | Killed Robin
  2773 | D:4      | Reached *** piety under Jiyva
  2850 | D:4      | Noticed Grinder
  2860 | D:4      | Killed Grinder
  2861 | D:4      | Reached skill level 5 in Earth Magic
  2861 | D:4      | Reached XP level 7. HP: 28/41 MP: 5/12
  3079 | D:4      | Gained mutation: You are somewhat resistant to further
                  | mutation. [Jiyva's grace]
  3079 | D:4      | Gained mutation: You are somewhat resistant to both further
                  | mutation and mutation removal. [Jiyva's grace]
  3079 | D:4      | Gained mutation: You are almost entirely resistant to
                  | further mutation and mutation removal. [Jiyva's grace]
  3079 | D:4      | Gained mutation: You have a small jelly attached to you
                  | that senses nearby items. [Jiyva's grace]
  3247 | D:5      | Entered Level 5 of the Dungeon
  3418 | D:5      | Reached **** piety under Jiyva
  3562 | D:5      | Noticed Pikel
  3706 | D:5      | Noticed Blork the orc
  3731 | D:5      | Killed Blork the orc
  3732 | D:5      | Reached XP level 8. HP: 38/46 MP: 4/13
  3847 | D:5      | Killed Pikel
  3848 | D:5      | Reached skill level 5 in Conjurations
  4334 | D:6      | Found a staircase to the Ecumenical Temple.
  4343 | Temple   | Entered the Ecumenical Temple
  4553 | D:6      | Noticed a troll
  4590 | D:6      | Killed a troll
  4591 | D:6      | Reached XP level 9. HP: 25/51 MP: 10/16
  4640 | D:6      | Reached skill level 5 in Spellcasting
  4884 | D:6      | Noticed Sigmund
  4886 | D:6      | Killed Sigmund
  5295 | D:7      | Gained mutation: You are covered in fur. (AC +1) [Jiyva's
                  | grace]
  5295 | D:7      | Gained mutation: You are covered in thick fur. (AC +2)
                  | [Jiyva's grace]
  5295 | D:7      | Gained mutation: Your thick and shaggy fur keeps you warm.
                  | (AC +3, rC+) [Jiyva's grace]
  5295 | D:7      | Gained mutation: Your flesh is cold resistant. (rC+)
                  | [Jiyva's grace]
  5550 | D:7      | Reached ***** piety under Jiyva
  5818 | D:8      | Learned a level 2 spell: Passwall
  5823 | D:8      | Learned a level 4 spell: Petrify
  5827 | D:8      | Learned a level 3 spell: Swiftness
  5836 | D:8      | Found Xemmi's Distillery.
  5878 | D:8      | Found a staircase to the Lair.
  5911 | D:8      | Bought a potion of heal wounds for 70 gold pieces
  5911 | D:8      | Bought a potion of curing for 42 gold pieces
  5947 | D:8      | Reached skill level 1 in Air Magic
  5984 | D:8      | Noticed a death yak
  6016 | D:8      | Slimified a death yak
  6016 | D:8      | Noticed an azure jelly
  6016 | D:8      | a death yak changed into an azure jelly
  6064 | D:8      | Noticed Maggie
  6118 | D:8      | Killed a two-headed ogre
  6220 | D:8      | Reached XP level 10. HP: 56/56 MP: 11/19
  6290 | D:8      | Killed Maggie
  6683 | D:9      | Noticed Psyche
  6689 | D:9      | Killed Psyche
  6807 | D:9      | Found Cilaifye's Armour Shoppe.
  7301 | D:9      | Reached skill level 5 in Air Magic
  7325 | D:9      | Reached XP level 11. HP: 61/61 MP: 16/22
  7594 | D:10     | Entered Level 10 of the Dungeon
  7879 | D:10     | Noticed a deep troll
  7880 | D:10     | Found the amulet of Vitality {Regen+ HP+15}
  7898 | D:10     | Killed a deep troll
  8119 | D:10     | Lost mutation: You are almost entirely resistant to further
                  | mutation and mutation removal. [Jiyva's grace]
  8119 | D:10     | Lost mutation: Your thick and shaggy fur keeps you warm.
                  | (AC +3, rC+) [Jiyva's grace]
  8119 | D:10     | Gained mutation: Your flesh is heat resistant. (rF+)
                  | [Jiyva's grace]
  8119 | D:10     | Gained mutation: Your flesh is very heat resistant. (rF++)
                  | [Jiyva's grace]
  8119 | D:10     | Gained mutation: Your flesh is almost immune to the effects
                  | of heat. (rF+++) [Jiyva's grace]
  8119 | D:10     | Gained mutation: You are covered in slimy tendrils that may
                  | disarm your opponents. [Jiyva's grace]
  8329 | D:10     | Reached skill level 10 in Earth Magic
  8341 | D:10     | Noticed a two-headed ogre
  8389 | D:10     | Killed a two-headed ogre
  8429 | D:10     | Learned a level 8 spell: Lehudib's Crystal Spear
  8486 | D:10     | Noticed a deep elf archer
  8498 | D:10     | Noticed a two-headed ogre
  8513 | D:10     | Killed a two-headed ogre
  8514 | D:10     | Reached skill level 10 in Conjurations
  8567 | D:10     | Noticed an orc knight
  8611 | D:10     | Killed an orc knight
  8695 | D:10     | Noticed a centaur warrior
  8975 | D:10     | Killed a centaur warrior
  9026 | D:10     | Noticed a fire crab
  9047 | D:10     | Killed a fire crab
  9136 | D:11     | Noticed a death knight
  9168 | D:11     | Noticed a skeletal warrior
  9168 | D:11     | Noticed a skeletal warrior
  9168 | D:11     | Noticed a skeletal warrior
  9233 | D:11     | Noticed a boulder beetle
  9345 | D:11     | Killed a death knight
  9403 | D:11     | Killed a cyclops
  9410 | D:11     | Noticed a boulder beetle
  9452 | D:11     | Killed a boulder beetle
  9453 | D:11     | Reached XP level 12. HP: 66/66 MP: 1/24
  9540 | D:11     | Noticed a boulder beetle
  9652 | D:11     | Killed a boulder beetle
  9848 | D:11     | Killed a boulder beetle
 10328 | D:12     | Noticed a two-headed ogre
 10451 | D:12     | Reached ****** piety under Jiyva
 10482 | D:12     | Found a staircase to the Orcish Mines.
 10562 | D:12     | Found an ancient bone altar of Kikubaaqudgha.
 10818 | D:12     | Killed a two-headed ogre
 11120 | Orc:1    | Entered Level 1 of the Orcish Mines
 11120 | Orc:1    | Noticed Fannar
 11149 | D:12     | Killed Fannar
 11327 | D:12     | Reached XP level 13. HP: 66/71 MP: 16/26
 11400 | Orc:1    | Lost mutation: You are somewhat resistant to both further
                  | mutation and mutation removal. [Jiyva's grace]
 11400 | Orc:1    | Lost mutation: You are covered in thick fur. (AC +2)
                  | [Jiyva's grace]
 11400 | Orc:1    | Gained mutation: You expend magic power (3 MP) to
                  | strengthen your wands. [Jiyva's grace]
 11400 | Orc:1    | Gained mutation: Your muscles are strong. (Str +2) [Jiyva's
                  | grace]
 11400 | Orc:1    | Gained mutation: Your muscles are very strong. (Str +4)
                  | [Jiyva's grace]
 11400 | Orc:1    | Gained mutation: Armour fits poorly on your pseudopods.
                  | [Jiyva's grace]
 11499 | Orc:2    | Entered Level 2 of the Orcish Mines
 11679 | Orc:2    | Found Enomany's Antique Armour Shop.
 11764 | Orc:2    | Found a staircase to the Elven Halls.
 11953 | Orc:2    | Found a frozen archway.
 12037 | IceCv    | Entered an ice cave
 12403 | IceCv    | Found an ancient bone altar of Kikubaaqudgha.
 12551 | IceCv    | HP: 9/86 [anaconda simulacrum (11)]
 12551 | IceCv    | Slain by an anaconda simulacrum

Illustrated notes

Levels and vault maps discovered:
D:1:      lightli_arrival_farm, layout_basic, minmay_fountain_box,
          minmay_misc_feat_cross
D:2:      layout_basic, shapermc_ecumenical_altar_petra, uniq_jessica
D:3:      layout_loops_ring, makhleb_altar_promises_db
D:4:      cheibrodos_pilgrimage, layout_basic, uniq_eustachio, uniq_robin,
          uniq_grinder
D:5:      layout_loops_ring, grunt_ministairs_15, uniq_pikel, uniq_blork_the_orc
D:6:      layout_loops_ring, minmay_temple_entry_trees, uniq_sigmund
D:7:      layout_basic
D:8:      layout_basic, david_lair_generic, serial_shops,
          nicolae_shop_waterfront, uniq_maggie
D:9:      layout_basic, serial_shops, nicolae_shop_crystal,
          minmay_misc_feat_rugged, uniq_psyche
D:10:     wad_statue_garden, layout_loops_ring,
          hellmonk_guarded_unrand_vitality_bloodlust
D:11:     layout_cave_pools, minivault_19, dk_noncrumbling_4,
          minmay_diced_spiral
D:12:     layout_long_grid, erik_orc_4, kiku_gazebo_garden_becter
Temple:   minmay_crystal_snake_temple
Orc:1:    layout_caves, uniq_fannar
Orc:2:    st_orc_congregation, layout_diamond_mine, serial_shops,
          nicolae_shop_behind_doors, portal_ice_cave_entry_ice_simulacra
IceCv:    ice_cave_small_necro

Skill      XL: |  1  2  3  4  5  6  7  8  9 10 11 12 13 |
---------------+----------------------------------------+-----
Stealth        | 3 |  3.0
Conjurations   | 1 2 3 4 6 8 9 11 12 13 | 13.1
Transmutations | 2 |  2.0
Earth Magic    | 4 5 6 7 8 9 11 12 13 | 13.2
Dodging        | 3 |  3.1
Spellcasting   | 3 4 6 7 8 9 |  9.8
Air Magic      | 2 5 6 7 |  7.4

Action                   |  1- 3 |  4- 6 |  7- 9 | 10-12 | 13-15 || total
-------------------------+-------+-------+-------+-------+-------++-------
Melee: Trident           |     6 |    68 |    24 |       |       ||    98
       Tentacles         |     1 |    13 |     7 |     5 |       ||    26
       Constrict         |       |    16 |     5 |     3 |       ||    24
       Punch             |       |     1 |       |     1 |       ||     2
       Short sword       |       |       |    10 |    15 |       ||    25
 Cast: Sandblast         |    36 |    15 |    13 |    10 |     2 ||    76
       Stone Arrow       |       |    10 |    91 |   344 |   161 ||   606
       Petrify           |       |       |     1 |    33 |       ||    34
       Swiftness         |       |       |       |     1 |       ||     1
       Passwall          |       |       |       |     5 |       ||     5
Invok: Slimify           |       |       |     1 |       |       ||     1
 Stab: Sleeping          |     3 |     3 |     1 |       |       ||     7
Armor: Skin              |     7 |     4 |     5 |    20 |     5 ||    41
Dodge: Dodged            |    13 |    60 |   105 |   134 |    54 ||   366
